 Dungeon Crawl Stone Soup version 0.30.1-9-gdf580d7c3d (webtiles) character file.

Game seed: 14404051340262517696

5420 Peloso the Carver (level 10, -6/88 HPs)
             Began as a Minotaur Fighter on Sept 29, 2023.
             Was an Elder of Okawaru.
             Mangled by an orc knight
             ... wielding a +0 war axe
              (7 damage)
             ... in a bailey.
             The game lasted 00:17:42 (8089 turns).

Peloso the Carver (Minotaur Fighter)                Turns: 8089, Time: 00:17:43

Health: -6/88      AC: 25    Str: 24    XL:     10   Next: 40%
Magic:  8/9        EV:  5    Int:  5    God:    Okawaru [****..]
Gold:   1290       SH: 12    Dex: 17    Spells: 9/9 levels left

rFire   . . .        a - +1 long sword
rCold   . . .        d - +0 buckler
rNeg    . . .        w - +1 crystal plate armour
rPois   .            c - +1 hat
rElec   .            (no cloak)
rCorr   .            (no gloves)
SInv    .            (no boots)
Will    .....        p - amulet of reflection Stlth
                     n - +6 ring of dexterity
HPRegen 0.34/turn    s - +4 ring of protection
MPRegen 0.11/turn

%: reflection
@: mighty, hasted, studying Axes, very quick
A: horns 2, retaliatory headbutt
a: Renounce Religion, Heroism, Finesse


You were in a bailey.
You worshipped Okawaru.
Okawaru was greatly pleased with you.
You visited 2 branches of the dungeon, and saw 8 of its levels.
You also visited: Sewer and Bailey.

You collected 1360 gold pieces.
You spent 70 gold pieces at shops.

Inventory:

Hand Weapons
 a - a +1 long sword (weapon)
Missiles
 z - 2 throwing nets (quivered)
Armour
 b - a +0 scale mail
 c - a +1 hat (worn)
 d - a +0 buckler (worn)
 v - a +0 chain mail
 w - a +1 crystal plate armour (worn)
Jewellery
 e - an amulet of guardian spirit
 g - an amulet of the acrobat
 j - a ring of fire
 n - a +6 ring of dexterity (left hand)
 p - an amulet of reflection (around neck)
 s - a +4 ring of protection (right hand)
 t - an amulet of faith
Scrolls
 f - a scroll of immolation
 o - a scroll of vulnerability {unknown}
 q - 2 scrolls of poison
 u - 2 scrolls of teleportation {unknown}
 y - 2 scrolls of noise {unknown}
 C - a scroll of enchant weapon
 D - a scroll of blinking {unknown}
 E - a scroll of brand weapon {unknown}
Potions
 h - a potion of curing
 i - 2 potions of haste
 k - 2 potions of might
 l - a potion of magic
 r - a potion of resistance
 x - 2 potions of mutation {unknown}
 A - 2 potions of cancellation {unknown}
 B - 2 potions of brilliance
 F - 2 potions of flight {unknown}


   Skills:
 + Level 8.1 Fighting
 + Level 12.2 Long Blades
 + Level 9.0 Armour
 + Level 3.0 Dodging
 + Level 1.0 Stealth
 + Level 8.8 Shields
 + Level 0.2 Invocations
 + Level 0.5 Evocations


You had 9 spell levels left.
You didn't know any spells.
Your spell library contained the following spells:

 Spells                   Type           Power      Damage    Failure   Level
 Beastly Appendage        Tmut           0%         N/A       100%        1
 Magic Dart               Conj           0%         1d3       100%        1
 Sting                    Tmut/Pois      0%         1d3       100%        1
 Poisonous Vapours        Pois/Air       0%         N/A       100%        2
 Sublimation of Blood     Necr           0%         N/A       100%        2
 Wereblood                Tmut           0%         N/A       100%        2
 Mephitic Cloud           Conj/Pois/Air  0%         N/A       100%        3
 Portal Projectile        Hex/Tloc       0%         N/A       100%        3
 Spider Form              Tmut/Pois      0%         N/A       100%        3
 Olgreb's Toxic Radiance  Pois           0%         N/A       100%        4
 Blade Hands              Tmut           0%         N/A       100%        5
 Freezing Cloud           Conj/Ice/Air   0%         6-21      100%        5
 Call Imp                 Summ           Unusable   N/A       N/A         2
 Tukima's Dance           Hex            Unusable   N/A       N/A         3
 Summon Hydra             Summ           Unusable   N/A       N/A         7

Dungeon Overview and Level Annotations

Branches:
Dungeon (7/15)             Temple (1/1) D:5           Sewer (visited)
 Bailey (1/1)

Altars:
Ashenzari
Cheibriados
Dithmenos
Elyvilon
Fedhas
Gozag
Hepliaklqana
Kikubaaqudgha
Makhleb
Nemelex Xobeh
Okawaru
Qazlal
Ru
Sif Muna
Trog
Uskayaw
Wu Jian
Xom
Yredelemnul
Zin
The Shining One

Shops:
D:1 !

Annotations:
D:2 1 runed translucent door, Crazy Yiuf


Innate Abilities, Weirdness & Mutations

You have a pair of horns on your head.
You reflexively headbutt those who attack you in melee.


Message History

* * * LOW HITPOINT WARNING * * *
The bolt of electricity hits the electric eel.
The electric eel completely resists.
The electric eel shoots out a bolt of lightning at you!
The bolt of electricity hits you.
* * * LOW HITPOINT WARNING * * *
The orc knight hits you with a +0 war axe.
* * * LOW HITPOINT WARNING * * *
You barely miss the electric eel.
The electric eel is severely wounded.
The electric eel shoots out a bolt of lightning at you!
The bolt of electricity hits you but does no damage.
The bolt of electricity hits you!
* * * LOW HITPOINT WARNING * * *
The bolt of electricity hits the electric eel.
The electric eel completely resists.
The orc knight closely misses you.
You feel better.
The electric eel shoots out a bolt of lightning at you!
The bolt of electricity hits you but does no damage.
The orc knight barely misses you.
You feel better. The orc knight barely misses you. You furiously retaliate!
You headbutt the orc knight!!
You feel yourself speed up.
You feel like a meek peon again.
The orc knight hits you with a +0 war axe.
* * * LOW HITPOINT WARNING * * *
Unknown command.
You slash the electric eel!
You kill the electric eel!
Okawaru accepts your kill.
You hear a splash.
Unknown command.
Okay, then.
You hit the electric eel. Your headbutt misses the electric eel.
The electric eel is moderately wounded.
The electric eel shoots out a bolt of lightning at you!
The bolt of electricity hits you!
* * * LOW HITPOINT WARNING * * *
The orc knight hits you with a +0 war axe!
You die...

...≈≈≈≈~.#.....# .
#########.~≈
...≈≈≈≈~.#++#### #..#))≈
##.≈≈≈≈~.# #!?#.~≈
#≈≈≈≈≈~.# +:!#))≈
#≈≈≈≈≈### ##########.#≈
#≈≈≈≈≈#.. +.....#....#≈
#... #.....'....#≈
#..###############..#)#≈
#..'..o@.........'..#.#≈
####~~S†~~~~~~~~~######≈
≈≈≈≈≈≈≈≈≈≈≈≈≈≈≈≈≈≈≈≈≈≈≈ ≈
≈≈≈≈≈≈≈≈≈≈≈≈≈≈≈≈≈≈≈≈≈≈≈≈
≈≈≈≈≈≈≈≈≈≈≈≈≈≈≈≈≈≈≈≈≈≈≈≈≈
≈≈≈≈≈≈≈≈≈≈≈≈≈≈≈≈≈≈≈≈≈≈≈≈≈
≈≈≈≈≈≈≈≈≈≈≈≈≈≈≈≈≈≈≈≈≈≈≈≈≈
≈≈≈≈≈≈≈≈≈≈≈≈≈≈≈≈≈≈≈≈≈≈≈≈≈
≈≈≈≈≈≈≈≈≈≈≈≈≈≈≈≈


You could see an orc knight and an electric eel.

Vanquished Creatures
  An orc high priest (Bailey)
  A kobold demonologist (Bailey)
  Prince Ribbit (D:5)
  2 slime creatures (D:6)
  Eustachio (D:6)
  4 yaks (D:7)
  A steam dragon (D:7)
  Duvessa (D:7)
  13 orc warriors (Bailey)
  An ice beast (D:6)
  2 black bears
  2 kobold brigands (D:6)
  2 phantoms
  2 bullfrogs
  2 scorpions
  Dowan (D:7)
  A howler monkey (D:4)
  4 electric eels (Bailey)
  A hound (D:6)
  An orc priest (D:4)
  8 jellies
  3 iguanas
  3 orc wizards
  2 sleepcaps
  15 gnolls
  5 adders
  6 river rats
  A shadow imp (D:6)
  A white imp (D:7)
  A worm (D:2)
  6 dart slugs
  17 orcs
  3 bats
  12 endoplasms
  3 giant cockroaches
  9 hobgoblins
  4 jackals (D:4)
  2 quokkas
  16 ball pythons
  2 frilled lizards
  14 goblins
  30 kobolds
  29 rats
236 creatures vanquished.

Vanquished Creatures (others)
  A hobgoblin (Bailey)
  A kobold (Sewer)
2 creatures vanquished.

Grand Total: 238 creatures vanquished

Notes
Turn   | Place    | Note
-------+----------+-------------------------------------------
     0 | D:1      | Peloso the Minotaur Fighter began the quest for the Orb.
     0 | D:1      | Reached XP level 1. HP: 19/19 MP: 0/0
   131 | D:1      | Reached XP level 2. HP: 27/27 MP: 1/1
   151 | D:1      | Found Fumamir's Distillery.
   978 | D:2      | Reached skill level 3 in Long Blades
   978 | D:2      | Reached XP level 3. HP: 32/33 MP: 2/2
  1135 | D:2      | Found a runed translucent door.
  1136 | D:2      | Noticed Crazy Yiuf
  2397 | D:4      | Reached XP level 4. HP: 40/40 MP: 3/3
  2445 | D:4      | Reached skill level 4 in Long Blades
  2462 | D:4      | Reached skill level 1 in Dodging
  2462 | D:4      | Reached XP level 5. HP: 28/46 MP: 4/4
  2744 | D:4      | Found a glowing drain.
  2779 | Sewer    | Entered a sewer
  2969 | Sewer    | Reached skill level 5 in Long Blades
  3024 | Sewer    | Reached XP level 6. HP: 52/55 MP: 5/5
  3345 | Sewer    | Identified a scroll of acquirement
  3345 | Sewer    | Acquired 930 gold pieces
  3882 | D:4      | Reached skill level 5 in Fighting
  4102 | D:1      | Bought a potion of heal wounds for 70 gold pieces
  4159 | D:5      | Entered Level 5 of the Dungeon
  4201 | D:5      | Reached skill level 5 in Armour
  4296 | D:5      | Reached skill level 5 in Shields
  4353 | D:5      | Reached skill level 6 in Long Blades
  4355 | D:5      | Reached XP level 7. HP: 54/61 MP: 6/6
  4680 | D:5      | Found a staircase to the Ecumenical Temple.
  4689 | Temple   | Entered the Ecumenical Temple
  4866 | Temple   | Became a worshipper of Warmaster Okawaru
  5004 | D:5      | Noticed Prince Ribbit
  5033 | D:5      | Killed Prince Ribbit
  5888 | D:6      | Reached * piety under Okawaru
  5889 | D:6      | Reached skill level 7 in Long Blades
  6061 | D:6      | Reached XP level 8. HP: 54/70 MP: 7/7
  6245 | D:6      | Noticed a slime creature
  6245 | D:6      | Noticed a slime creature
  6302 | D:6      | Killed a slime creature
  6303 | D:6      | Reached skill level 8 in Long Blades
  6303 | D:6      | Reached skill level 1 in Stealth
  6309 | D:6      | Killed a slime creature
  6309 | D:6      | Reached ** piety under Okawaru
  6695 | D:6      | Noticed Eustachio
  6718 | D:6      | Killed Eustachio
  6945 | D:7      | Reached skill level 9 in Long Blades
  6952 | D:7      | Reached XP level 9. HP: 63/78 MP: 5/8
  6961 | D:7      | Reached *** piety under Okawaru
  7036 | D:7      | Noticed Duvessa
  7037 | D:7      | Noticed Dowan
  7063 | D:7      | Reached skill level 10 in Long Blades
  7078 | D:7      | Killed Duvessa
  7093 | D:7      | Killed Dowan
  7166 | D:7      | Found a blossoming altar of Fedhas.
  7200 | D:7      | Found a flagged portal.
  7291 | Bailey   | Entered a bailey
  7456 | Bailey   | Reached **** piety under Okawaru
  7472 | Bailey   | Received a gift from Okawaru
  7473 | Bailey   | Reached skill level 11 in Long Blades
  7591 | Bailey   | Reached XP level 10. HP: 59/88 MP: 9/9
  7713 | Bailey   | Found an iron altar of Okawaru.
  7715 | Bailey   | Noticed an orc high priest
  7716 | Bailey   | Noticed a soul eater
  7716 | Bailey   | Noticed a smoke demon
  7734 | Bailey   | Noticed a smoke demon
  7737 | Bailey   | Noticed a soul eater
  7740 | Bailey   | Killed an orc high priest
  7753 | Bailey   | HP: 4/88 [orc warrior/+0 war axe (6)]
  7755 | Bailey   | Reached skill level 12 in Long Blades
  8072 | Bailey   | Noticed an orc knight
  8084 | Bailey   | HP: 3/88 [electric eel/bolt of electricity (10)]
  8089 | Bailey   | HP: 1/88 [electric eel/bolt of electricity (14)]
  8089 | Bailey   | Mangled by an orc knight

Illustrated notes

Levels and vault maps discovered:
D:1:      lemuel_arrival_broad_hall, layout_loops_cross, serial_shops, shop,
          minmay_liquid_box
D:2:      layout_loops_ring, kennysheep_nub, kennysheep_pointless_box,
          serial_bayou_pond_b, chequers_serial_rivers_micro_b,
          uniq_crazy_yiuf_cottage
D:3:      layout_basic
D:4:      layout_loops_corners, portal_sewer_entry_b, serial_glass,
          glass_columns_b, glass_columns_a, minmay_misc_feat_roman,
          minmay_manual_macuahuitl
D:5:      layout_basic, lemuel_temple_firewalk_a, grunt_decor_mini_mirrors,
          uniq_prince_ribbit1
D:6:      cheibrodos_fertilizer, layout_loops_cross, nrook_campfire,
          uniq_eustachio
D:7:      layout_cave_pools, overflow_temple_1_default, enter_bailey_3,
          uniq_duvessa
Temple:   mainiacjoe_temple_starburst
Bailey:   bailey_axe_of_yendor_kennysheep, bailey

Skill      XL: |  1  2  3  4  5  6  7  8  9 10 |
---------------+-------------------------------+-----
Armour         | 4 5 6 7 8 9 |  9.0
Fighting       | 4 5 6 7 8 |  8.1
Long Blades    | 3 4 5 6 7 9 11 12 | 12.2
Shields        | 4 5 6 8 |  8.8
Dodging        | 1 2 3 |  3.0
Stealth        | 1 |  1.0
Invocations    | |  0.2
Evocations     | |  0.5

Action                     |  1- 3 |  4- 6 |  7- 9 | 10-12 || total
---------------------------+-------+-------+-------+-------++-------
  Melee: Long sword        |    93 |   191 |   278 |    71 ||   633
         Headbutt          |    16 |    38 |    73 |    13 ||   140
 Invoke: Heroism           |       |       |     2 |     1 ||     3
  Evoke: Wand              |       |       |     3 |       ||     3
    Use: Potion            |     2 |       |     4 |     5 ||    11
         Scroll            |     2 |     7 |     2 |       ||    11
 Armour: Scale mail        |    35 |    15 |       |       ||    50
         Chain mail        |       |    68 |    66 |       ||   134
         Crystal plate arm |       |       |   116 |    35 ||   151
  Dodge: Dodged            |    42 |    88 |   105 |    16 ||   251
  Block: Buckler           |    23 |   139 |   188 |    35 ||   385
         Reflection        |       |     2 |    11 |       ||    13
